[Event "XI Paracin Festival 2018"]
[Site "Paracin"]
[Date "2018.07.07"]
[Round "2"]
[White "Kulkarni, Chinmay"]
[Black "Kadric, Denis"]
[Result "0-1"]
[ECO "B07"]
[WhiteElo "2336"]
[BlackElo "2509"]
[Annotator "ChessBase"]
[PlyCount "74"]
[EventDate "2018.07.06"]
[EventType "swiss"]
[EventCountry "SRB"]
[SourceTitle "playchess.com"]
[Source "ChessBase"]
[SourceQuality "1"]
[TimeControl "5400+30"]

1. e4 d6 2. d4 Nf6 3. Nc3 Nc6 4. f4 e5 5. Nf3 exd4 6. Nxd4 g6 7. Nf3 Bg7 8. Bd3 O-O 9. a3 Re8 10. O-O a6 11. Bd2 b5 12. Kh1 Bb7 13. Be1 b4 14. axb4 Nxb4 15. Bh4 Qd7 16. e5 Ng4 17. Be4 Bxe4 18. Nxe4 Ne3 19. Qd2 Nxf1 20. Rxf1 Qb5 21. Kg1 Qc4 22. Nf6+ Bxf6 23. Bxf6 Nd5 24. f5 Nxf6 25. exf6 Qe2 26. Qa5 Qxc2 27. fxg6 hxg6 28. Kh1 Rab8 29. h3 Rxb2 30. Qg5 Qf5 31. Qc1 Qxf6 32. Qxc7 Ree2 33. Qc8+ Kg7 34. Nd2 Rf2 35. Rxf2 Qxf2 36. Qc3+ Qf6 37. Qd3 Qg5 0-1

[Event "XI Paracin Festival 2018"]
[Site "Paracin"]
[Date "2018.07.07"]
[Round "2"]
[White "Ozen, Bahadir"]
[Black "Yilmazyerli, Mert"]
[Result "1/2-1/2"]
[ECO "A00"]
[WhiteElo "2317"]
[BlackElo "2491"]
[Annotator "ChessBase"]
[PlyCount "40"]
[EventDate "2018.07.06"]
[EventType "swiss"]
[EventCountry "SRB"]
[SourceTitle "playchess.com"]
[Source "ChessBase"]
[SourceQuality "1"]
[TimeControl "5400+30"]

1. g3 c5 2. Bg2 Nc6 3. Nf3 g6 4. c3 e5 5. e4 Bg7 6. O-O Nge7 7. d3 O-O 8. Nbd2 d6 9. Nh4 g5 10. Nhf3 Ng6 11. Nc4 h6 12. Ne3 Nce7 13. Nd2 Be6 14. b4 Qd7 15. a4 cxb4 16. cxb4 d5 17. b5 Rfd8 18. Ba3 Rac8 19. Bb4 dxe4 20. dxe4 a6 1/2-1/2

[Event "XI Paracin Festival 2018"]
[Site "Paracin"]
[Date "2018.07.07"]
[Round "2"]
[White "Omorjan, Dejan"]
[Black "Kosic, Dragan"]
[Result "*"]
[ECO "E00"]
[WhiteElo "2292"]
[BlackElo "2463"]
[Annotator "ChessBase"]
[PlyCount "95"]
[EventDate "2018.07.06"]
[EventType "swiss"]
[EventCountry "SRB"]
[SourceTitle "playchess.com"]
[Source "ChessBase"]
[SourceQuality "1"]
[TimeControl "5400+30"]

1. d4 Nf6 2. c4 e6 3. Nf3 Bb4+ 4. Bd2 a5 5. g3 c5 6. Bg2 Nc6 7. a3 Bxd2+ 8. Qxd2 cxd4 9. Nxd4 O-O 10. Nc3 a4 11. Rc1 d5 12. cxd5 exd5 13. O-O Qb6 14. Rfd1 Be6 15. Nxc6 bxc6 16. Qc2 Qa7 17. e3 Nd7 18. Rd4 Nb6 19. Rh4 g6 20. Bf3 Rfc8 21. Bd1 Nc4 22. Rd4 Rab8 23. Nxa4 c5 24. Rh4 d4 25. Qe2 d3 26. Qxd3 Nxb2 27. Nxb2 Rxb2 28. Qc3 Ra2 29. Ra4 Qb7 30. Rf4 c4 31. Bg4 f5 32. Bf3 Qb2 33. Qxb2 Rxb2 34. Rc3 Rb3 35. Rc2 c3 36. Kg2 Rxa3 37. Rd4 Rc5 38. Rd3 Kf7 39. h4 h6 40. Kh2 Kf6 41. Bg2 g5 42. hxg5+ hxg5 43. Kg1 g4 44. f4 gxf3 45. Bxf3 Ke5 46. Bg2 Ra1+ 47. Bf1 Bc8 48. Rdxc3 *

[Event "XI Paracin Festival 2018"]
[Site "Paracin"]
[Date "2018.07.07"]
[Round "2"]
[White "Colovic, Dusan"]
[Black "Ikeda, Junta"]
[Result "0-1"]
[ECO "A81"]
[WhiteElo "2279"]
[BlackElo "2437"]
[Annotator "NA RC"]
[PlyCount "70"]
[EventDate "2018.07.06"]
[EventType "swiss"]
[EventCountry "SRB"]
[SourceTitle "playchess.com"]
[Source "ChessBase"]
[SourceQuality "1"]
[TimeControl "5400+30"]

1. d4 f5 2. g3 Nf6 3. Bg2 g6 4. c3 Bg7 5. Qb3 Nc6 6. Nd2 d5 {[%emt 0:01:58] A81: Holländische Verteidigung (Leningrader Variante)} (6... e5 7. dxe5 Nxe5 8. Ngf3 Nf7 9. O-O O-O 10. c4 Rb8 11. Qc2 b6 12. b3 Bb7 13. Bb2 Re8 14. e3 {1-0 (29) Kamsky,G (2732)-Wang,H (2736) Beijing 2011}) 7. Nh3 e6 8. Nf4 Qe7 9. Nf3 O-O 10. h4 {[%emt 0:04:54] LiveBook: 7 Games} Ne4 11. Nd3 Nd8 $146 ({Vorgänger:} 11... b6 12. Bf4 Bb7 13. Qc2 Nd8 14. Be5 Bh6 15. c4 dxc4 16. Qxc4 {1-0 (50) Horvath,C (2524)-Hoang,T (2450) Budapest 1999}) 12. Bf4 Nf7 13. Nfe5 Nxe5 14. Bxe5 c5 15. Bxg7 Kxg7 16. Bxe4 fxe4 17. Ne5 b6 18. f4 Bb7 19. e3 Ba6 20. Qd1 Rf5 21. Qa4 Bd3 22. Qc6 Rd8 23. Nxd3 exd3 24. O-O-O c4 25. e4 Rd6 26. Qb5 dxe4 $19 27. Qxc4 b5 28. Qb4 Qc7 29. d5 exd5 30. Qd4+ Kg8 31. h5 Qb6 32. Qb4 a5 33. Qb3 Qc5 34. hxg6 Rxg6 35. Rhe1 a4 0-1

[Event "XI Paracin Festival 2018"]
[Site "Paracin"]
[Date "2018.07.07"]
[Round "2"]
[White "Sevgi, Volkan"]
[Black "Gukesh, D."]
[Result "0-1"]
[ECO "A05"]
[WhiteElo "2277"]
[BlackElo "2433"]
[Annotator "NA"]
[PlyCount "134"]
[EventDate "2018.07.06"]
[EventType "swiss"]
[EventCountry "SRB"]
[SourceTitle "playchess.com"]
[Source "ChessBase"]
[SourceQuality "1"]
[TimeControl "5400+30"]

1. Nf3 Nf6 2. g3 g6 3. b3 Bg7 4. Bb2 O-O 5. Bg2 d6 6. d4 Nbd7 7. O-O Re8 8. Nbd2 e5 {[%emt 0:11:34] A49: 1 d4 Nf6 2 Nf3 g6 3 g3: Anti-King's Indian systems} 9. dxe5 (9. e3 e4 10. Ng5 d5 11. c4 c6 12. f3 h6 13. Nxf7 Kxf7 14. cxd5 cxd5 15. fxe4 dxe4 16. Nxe4 {0-1 (37) Shabalov,A (2522)-Kunin,V (2556) Berlin 2015}) 9... dxe5 {[%emt 0:00:08] LiveBook: 9 Games} 10. Nc4 e4 11. Nfe5 Qe7 12. Nxd7 Bxd7 13. Qe1 $146 ({Predecessor:} 13. Rb1 Rad8 14. Qe1 Nd5 15. Bxg7 Kxg7 16. Ne3 {0-1 (55) Lieder,K (2188)-Seibicke,R (2153) Germany 2012}) 13... Be6 14. Ne3 Ng4 15. Bxg7 Nxe3 16. fxe3 Kxg7 17. Qc3+ Kg8 18. Bxe4 c6 19. Bf3 Qg5 20. e4 h5 21. Rad1 Bh3 22. Rfe1 Re5 23. Qd2 Qe7 24. Qd4 a6 25. Rd3 Re8 26. Red1 h4 $11 27. Qf2 Rg5 28. Bh1 Kg7 29. Rf3 Rg4 30. Rf4 hxg3 31. hxg3 Rg5 32. Rh4 Be6 33. Bf3 Qc5 34. Qxc5 Rxc5 35. Rd2 Re5 36. Kf2 b5 37. a3 a5 38. Rh1 Rc5 39. Rb1 Ra8 40. Ke1 a4 41. b4 Rc3 42. Ra1 Rc8 43. e5 c5 44. bxc5 R8xc5 45. Be4 Rxg3 46. Kf2 Rg4 47. Bd3 Rxe5 48. Rb1 Bd7 49. Rdd1 Bc6 50. Rg1 Rxg1 51. Rxg1 f5 52. Rb1 Kf6 53. c4 bxc4 54. Bxc4 Rc5 55. Rb4 g5 56. Bd3 Ke5 57. Rb8 f4 58. Ke1 g4 59. Rg8 g3 60. Kd2 g2 61. Rg5+ Kd6 62. Rg6+ Ke7 63. e4 f3 64. Rg7+ Kd8 65. Ke3 Rc1 66. Kf2 Rd1 67. Kxf3 g1=Q 0-1

[Event "XI Paracin Festival 2018"]
[Site "Paracin"]
[Date "2018.07.07"]
[Round "2"]
[White "Martic, Zlatko"]
[Black "Radovanovic, Nikola"]
[Result "0-1"]
[ECO "B80"]
[WhiteElo "2264"]
[BlackElo "2425"]
[Annotator "NA"]
[PlyCount "114"]
[EventDate "2018.07.06"]
[EventType "swiss"]
[EventCountry "SRB"]
[SourceTitle "playchess.com"]
[Source "ChessBase"]
[SourceQuality "1"]
[TimeControl "5400+30"]

1. e4 c5 2. Nf3 e6 3. d4 cxd4 4. Nxd4 Nf6 5. Nc3 d6 6. Be3 a6 7. f3 b5 8. Qd2 Nbd7 9. O-O-O Bb7 10. g4 h6 11. a3 Rc8 12. h4 d5 13. exd5 Nxd5 {[%emt 0:00:19] LiveBook: 3 Games} 14. Nxd5 Bxd5 15. Be2 Ne5 16. Kb1 Nc4 (16... Qc7 $11) 17. Bxc4 $1 Rxc4 18. g5 $14 b4 19. b3 Rc3 20. g6 Qa5 21. Ne2 Rc8 22. Nf4 Bc6 23. Rhg1 Be7 24. gxf7+ Kxf7 25. Bd4 Rhg8 26. Nd3 Bd6 27. axb4 Qf5 28. Qe3 Bd5 29. Be5 Bxe5 30. Nxe5+ Ke8 31. Rd2 Rc7 32. Kb2 Ke7 33. c4 Bb7 34. Qd4 Kf6 35. Rg6+ Qxg6 36. Nxg6+ Kxg6 37. Qd3+ Kf7 38. Qd6 Rgc8 39. Rg2 Kg8 40. Qxe6+ Kh8 41. Rf2 Rf8 42. f4 Rcf7 43. Qe5 Rf5 44. Qd4 R5f6 45. Ka3 Re8 46. Qd7 Bc6 47. Qc7 Re1 48. Rd2 Be8 49. Rd8 Kh7 50. Qb8 Rfe6 51. f5 R6e2 52. b5 a5 53. b4 Re3+ 54. Kb2 R1e2+ 55. Kc1 axb4 56. Rd2 Rc3+ 57. Kd1 Re4 0-1

[Event "XI Paracin Festival 2018"]
[Site "Paracin"]
[Date "2018.07.07"]
[Round "2"]
[White "Popovic, Aleksandar M"]
[Black "Gadimbayli, Abdulla"]
[Result "1/2-1/2"]
[ECO "A12"]
[WhiteElo "2264"]
[BlackElo "2420"]
[Annotator "NA"]
[PlyCount "42"]
[EventDate "2018.07.06"]
[EventType "swiss"]
[EventCountry "SRB"]
[SourceTitle "playchess.com"]
[Source "ChessBase"]
[SourceQuality "1"]
[TimeControl "5400+30"]

1. Nf3 d5 2. c4 c6 3. b3 Nf6 4. Bb2 g6 5. cxd5 {[%emt 0:04:55] LiveBook: 7 Games A12: English Opening: 1...c6 with b3 by White} (5. g3 Bg7 6. Bg2 O-O 7. O-O a5 8. Nc3 Ne4 9. Na4 Bxb2 10. Nxb2 Na6 11. d3 Nf6 12. cxd5 Nxd5 13. Qd2 Bg4 14. Nc4 Bxf3 15. Bxf3 Nc5 16. d4 {½-½ (72) Anton Guijarro,D (2650)-Vidit,S (2689) Doha 2016}) 5... cxd5 6. g3 Bg7 7. Bg2 O-O 8. O-O Nc6 9. Ne5 Nxe5 10. Bxe5 Be6 11. d3 Qd7 12. Nd2 Bh3 13. Nf3 Rfc8 $146 14. Qd2 Bxg2 15. Kxg2 Ne8 16. Bxg7 Nxg7 17. Rac1 $11 Ne6 18. h4 h5 19. Qb4 b6 20. Ne5 Qb7 21. d4 a5 1/2-1/2

[Event "XI Paracin Festival 2018"]
[Site "Paracin"]
[Date "2018.07.07"]
[Round "2"]
[White "Cvetkovic, Srdjan"]
[Black "Abramovic, Bosko"]
[Result "1/2-1/2"]
[ECO "A30"]
[WhiteElo "2262"]
[BlackElo "2409"]
[Annotator "ChessBase"]
[PlyCount "45"]
[EventDate "2018.07.06"]
[EventType "swiss"]
[EventCountry "SRB"]
[SourceTitle "playchess.com"]
[Source "ChessBase"]
[SourceQuality "1"]
[TimeControl "5400+30"]

1. c4 c5 2. Nf3 g6 3. g3 Bg7 4. Bg2 Nc6 5. O-O e6 6. e3 Nge7 7. Nc3 O-O 8. d4 cxd4 9. Nxd4 Nxd4 10. exd4 d5 11. cxd5 Nxd5 12. Nxd5 exd5 13. Be3 Be6 14. h4 h5 15. Qd2 Qd7 16. Rac1 Rfc8 17. a3 Rxc1 18. Rxc1 Rc8 19. Rxc8+ Qxc8 20. Qb4 a6 21. Kh2 Qd7 22. Qa5 Qc8 23. Qb4 1/2-1/2

[Event "XI Paracin Festival 2018"]
[Site "Paracin"]
[Date "2018.07.07"]
[Round "2"]
[White "Jocev, Milan"]
[Black "Radovanovic, Mihajlo"]
[Result "0-1"]
[ECO "E62"]
[WhiteElo "2256"]
[BlackElo "2402"]
[Annotator "NA"]
[PlyCount "127"]
[EventDate "2018.07.06"]
[EventType "swiss"]
[EventCountry "SRB"]
[SourceTitle "playchess.com"]
[Source "ChessBase"]
[SourceQuality "1"]
[TimeControl "5400+30"]

1. d4 Nf6 2. Nf3 g6 3. g3 Bg7 4. Bg2 O-O 5. O-O d6 6. c4 Nc6 7. Nc3 Bf5 8. d5 Na5 9. Nd2 c5 10. e4 Bd7 11. Qc2 {[%emt 0:00:52] E62: King's Indian: Fianchetto: 6...c6 and Panno Variation (6...Nc6) without ...a6} (11. Rb1 e5 12. a3 b6 13. b4 Nb7 14. Nb3 Ng4 15. f3 Nf6 16. bxc5 dxc5 17. Qd3 Nd6 18. a4 Nh5 {0-1 (34) Inarkiev,E (2680)-Smirin,I (2663) Khanty-Mansiysk 2013}) 11... a6 12. b3 e5 13. Bb2 {[%emt 0:16:57] LiveBook: 3 Games} h5 $146 ({Predecessor:} 13... Ng4 14. Rae1 Nh6 15. f4 f6 16. Ne2 Qc8 17. Nc1 b6 18. Nd3 Nb7 {1-0 (84) Michalik,P (2505)-Purnama,T (2379) Shenzhen 2011}) 14. Nd1 h4 15. Ne3 b5 16. f4 hxg3 17. hxg3 Nh5 $1 18. Rf3 Nxg3 19. Rxg3 exf4 20. Bxg7 Kxg7 21. Qc3+ f6 22. Nf5+ Bxf5 23. exf5 fxg3 24. Qxg3 g5 25. Re1 $19 bxc4 26. bxc4 Rb8 27. Re6 Rb6 28. Qg4 Rh8 29. Nf3 Kf7 30. Nd2 Rh4 31. Qf3 Rb2 32. Ne4 Nxc4 33. Qc3 Rb1+ 34. Kf2 Rf4+ 35. Ke2 Rb2+ 36. Kd1 Rxe4 37. Bxe4 Rd2+ 38. Kc1 Rd4 39. Qh3 Kg7 40. Qh5 Ne5 41. Re8 Rc4+ 42. Bc2 Rh4 43. Rxd8 Rxh5 44. Rxd6 Rh1+ 45. Bd1 Nc4 46. Re6 Ne5 47. d6 Rh4 48. Re7+ Kh6 49. Re6 Kg7 50. Re7+ Kf8 51. Re6 Kg7 52. Re7+ Kf8 53. Re6 Rc4+ 54. Kd2 Rd4+ 55. Kc2 Kg7 56. Re7+ Kh6 57. Re6 Nd7 58. Be2 g4 59. Bxa6 Kg5 60. Bb5 Ne5 61. a4 Kxf5 62. Re8 Rxd6 63. a5 Nc6 64. Bd3+ {[%emt 0:02:05] Ke5} 0-1

[Event "XI Paracin Festival 2018"]
[Site "Paracin"]
[Date "2018.07.07"]
[Round "2"]
[White "Parnali, S Dharia"]
[Black "Rahul, Srivatshav P"]
[Result "1-0"]
[ECO "E62"]
[WhiteElo "2170"]
[BlackElo "2397"]
[Annotator "NA"]
[PlyCount "135"]
[EventDate "2018.07.06"]
[EventType "swiss"]
[EventCountry "SRB"]
[SourceTitle "playchess.com"]
[Source "ChessBase"]
[SourceQuality "1"]
[TimeControl "5400+30"]

1. d4 Nf6 2. c4 g6 3. Nc3 Bg7 4. Nf3 O-O {[%emt 0:00:09] LiveBook: 11839 Games} 5. g3 d6 6. Bg2 c6 7. O-O Qa5 8. Bd2 Qh5 9. Re1 {[%emt 0:00:47] E62: King's Indian: Fianchetto: 6...c6 and Panno Variation (6...Nc6) without ...a6} (9. Qb3 d5 10. cxd5 cxd5 11. Ne5 Nc6 12. Nxc6 bxc6 13. Qa4 Bh3 14. Rfc1 Bxg2 15. Kxg2 e5 16. dxe5 Ng4 17. h3 Nxe5 {1-0 (55) Banusz,T (2641)-Nagle,S (2432) chess.com INT 2018}) 9... e5 10. Bg5 Bf5 $146 ({Predecessor:} 10... Bg4 11. dxe5 dxe5 12. Bxf6 Bxf6 13. Qc2 Na6 14. a3 Bf5 15. e4 Bg4 16. Nd2 Rad8 {0-1 (26) Hodak,S (2240)-Jovanovic,Z (2471) Vinkovci 2005}) 11. dxe5 dxe5 12. Qd6 Nbd7 13. Bxf6 Bxf6 14. Ne4 Bxe4 15. Qxd7 Qf5 16. Rad1 Rab8 17. Bh3 Qxd7 18. Rxd7 c5 19. Rd6 Be7 20. Rd7 Bf6 21. Rd6 Kg7 22. Red1 Bc6 23. Bd7 $11 Bxd7 24. Rxd7 e4 25. Nd2 Rfe8 26. b3 e3 27. Nf3 g5 28. R1d5 g4 29. Nh4 exf2+ 30. Kxf2 Re4 31. Nf5+ Kg6 32. Rxc5 Rbe8 33. e3 b6 34. Rcd5 R8e6 35. Rxa7 Bg5 36. Ra8 Bxe3+ 37. Nxe3 Rxe3 38. Rg8+ Kf6 39. Rxg4 Re2+ 40. Kg1 Re1+ 41. Kg2 R1e2+ 42. Kh3 Rxa2 43. Rf4+ Kg6 44. Rg4+ Kf6 45. Rf4+ Kg6 46. Rd8 Kg7 47. Rd7 Rh6+ 48. Kg4 Rg6+ 49. Kf3 Rxh2 50. Rfxf7+ Kg8 51. Rfe7 Rf6+ 52. Ke3 Rf8 53. Rb7 Rh3 54. Rg7+ Kh8 55. Rg4 Rh6 56. Kd4 Rd8+ 57. Kc3 Rhd6 58. Kb4 Rc8 59. Rgg7 h6 60. Rh7+ Kg8 61. Rbg7+ Kf8 62. Rd7 Rxd7 63. Rxd7 Rc6 64. Kb5 Rg6 65. b4 Rg4 66. Rh7 Rg6 67. Rb7 Rxg3 68. Kxb6 1-0

[Event "XI Paracin Festival 2018"]
[Site "Paracin"]
[Date "2018.07.07"]
[Round "2"]
[White "Uuriintuya, Uurtsaikh"]
[Black "Peng, Shunkai"]
[Result "0-1"]
[ECO "B90"]
[WhiteElo "2158"]
[BlackElo "2390"]
[Annotator "NA"]
[PlyCount "192"]
[EventDate "2018.07.06"]
[EventType "swiss"]
[EventCountry "SRB"]
[SourceTitle "playchess.com"]
[Source "ChessBase"]
[SourceQuality "1"]
[TimeControl "5400+30"]

1. e4 c5 2. Nf3 d6 3. d4 cxd4 4. Nxd4 Nf6 5. Nc3 a6 6. a4 g6 7. Be2 Bg7 8. Be3 Nc6 9. O-O O-O 10. Qd2 Bd7 11. f3 Rc8 12. Rfd1 {[%emt 0:03:37] B90: Sicilian Najdorf: Unusual White 6th moves, 6 Be3 Ng4 and 6 Be3 e5} Ne5 {[%emt 0:05:53] LiveBook: 5 Games} 13. Nd5 Nxd5 14. exd5 Qc7 15. b3 Qc3 {[%emt 0:01:19] [#]} 16. Bf2 $146 ({Predecessor:} 16. Qxc3 Rxc3 17. Bd2 Rcc8 18. c3 {1-0 (42) Guliyev,N (2690)-Faure,S (2110) Le Port Marly 2012}) 16... Qxd2 17. Rxd2 Rc3 18. Rdd1 g5 19. Be1 Rcc8 20. c4 Ng6 21. Ra2 Rfe8 $14 22. Bf2 h6 23. b4 e6 24. dxe6 fxe6 25. Nb3 Be5 26. Na5 Nf4 27. Bf1 Rb8 28. g3 Ng6 29. c5 d5 30. Nb3 Ra8 31. Na5 Rab8 32. Nb3 Ra8 33. Na5 Rab8 34. Nc4 Bc7 35. Be2 Red8 36. Ne3 Ra8 37. Be1 Be5 38. Bd3 Be8 39. Kg2 Bg7 40. Bc2 Ne5 41. Bb3 Nc6 42. Bc2 a5 43. b5 Nb4 44. Bxb4 axb4 45. Bb3 Rdc8 46. Rc1 Bd4 47. Re2 Bf7 48. Ng4 Kg7 49. Ne5 Rxc5 50. Rxc5 Bxc5 51. Rc2 Bd6 52. Nxf7 Kxf7 53. Kf2 Ke7 54. Ke3 Kd7 55. Rc1 Bc7 56. Kd3 Rf8 57. Bd1 h5 58. Ra1 b6 59. Ra2 Rh8 60. Rg2 Bd6 61. Bb3 Rf8 62. Bd1 Bc5 63. Ra2 Ra8 64. Rg2 Kd6 65. h4 gxh4 66. gxh4 Rf8 67. Rg5 Rf4 68. Rxh5 Bf2 69. Rh8 Bxh4 70. Rc8 Bf2 71. Rc6+ Kd7 72. Ke2 Bg1 73. Bb3 Rh4 74. Rc1 Rh2+ 75. Kd3 Rg2 76. Ra1 Kd6 77. Rc1 Bc5 78. Rh1 Rb2 79. Bd1 Ra2 80. Bb3 Rf2 81. Bd1 b3 82. Bxb3 Rxf3+ 83. Kc2 Bd4 84. Rb1 e5 85. Kd2 e4 86. Bd1 Rg3 87. Be2 Bc3+ 88. Kc2 d4 89. Bf1 Rf3 90. Rd1 Kc5 91. Rb1 Ba5 92. Rd1 d3+ 93. Kb3 Kd4 94. Be2 Rf2 95. Bh5 e3 96. Rg1 e2 0-1

[Event "XI Paracin Festival 2018"]
[Site "Paracin"]
[Date "2018.07.07"]
[Round "2"]
[White "Tugstumur, Yesuntumur"]
[Black "Wadsworth, Matthew J"]
[Result "1/2-1/2"]
[ECO "A65"]
[WhiteElo "2116"]
[BlackElo "2377"]
[Annotator "NA"]
[PlyCount "107"]
[EventDate "2018.07.06"]
[EventType "swiss"]
[EventCountry "SRB"]
[SourceTitle "playchess.com"]
[Source "ChessBase"]
[SourceQuality "1"]
[TimeControl "5400+30"]

1. d4 Nf6 2. c4 c5 3. d5 e6 4. Nc3 exd5 5. cxd5 d6 6. e4 g6 7. Bd3 Bg7 8. h3 O-O 9. Nf3 Nh5 10. O-O a6 11. a4 Nd7 12. Re1 Re8 {[%emt 0:10:00] LiveBook: 89 Games} 13. Bg5 Bf6 {[%emt 0:00:13] A70: Modern Benoni: 6 e4 g6 7 Nf3} 14. Be3 Ne5 15. Be2 Nxf3+ 16. Bxf3 Ng7 17. Qc2 (17. a5 b5 18. axb6 Qxb6 19. Ra2 Bd7 20. Qc2 Be5 21. Nb1 {½-½ (52) Parligras,M (2596)-Pantsulaia,L (2612) Konya 2016}) 17... Bd7 18. Be2 Rb8 19. a5 Bg5 $146 ({Predecessor:} 19... Bd4 20. Bxd4 cxd4 21. Nb1 Rc8 {0-1 (67) Nizov,A (2118)-Johansson,D (2140) Sweden 2015}) 20. Bf1 Bxe3 21. Rxe3 Qg5 22. Rae1 (22. Nb1 $14) 22... f5 23. e5 f4 24. Re4 Bxh3 25. f3 dxe5 $11 26. d6 Nh5 27. Qb3+ Kg7 28. Qd5 Nf6 29. Qxc5 Nd7 30. Qf2 Be6 31. Na4 Bd5 32. Rb4 Bc6 33. Nc5 Nxc5 34. Qxc5 Rbc8 35. Rd1 Qf5 36. Qf2 Qd7 37. Bc4 Rcd8 38. Bb3 Qf5 39. Qc5 Rd7 40. Bd5 Bb5 41. Rxb5 axb5 42. Qxb5 e4 43. fxe4 Qg4 44. Rf1 Re5 45. Rxf4 Qd1+ 46. Qf1 Qd4+ 47. Qf2 Qd1+ 48. Qf1 Rxd5 49. exd5 Qxd5 50. Qc4 Qd1+ 51. Kh2 Qxd6 52. Qc3+ Kg8 53. Qc4+ Kg7 54. Qc3+ 1/2-1/2

[Event "XI Paracin Festival 2018"]
[Site "Paracin"]
[Date "2018.07.07"]
[Round "2"]
[White "Harshini A"]
[Black "Harvey, Marcus R"]
[Result "0-1"]
[ECO "C11"]
[WhiteElo "2037"]
[BlackElo "2362"]
[Annotator "NA"]
[PlyCount "132"]
[EventDate "2018.07.06"]
[EventType "swiss"]
[EventCountry "SRB"]
[SourceTitle "playchess.com"]
[Source "ChessBase"]
[SourceQuality "1"]
[TimeControl "5400+30"]

1. e4 e6 2. d4 d5 3. Nc3 Nf6 4. Bg5 dxe4 5. Nxe4 Be7 6. Bxf6 gxf6 7. Nf3 f5 8. Nc3 a6 {[%emt 0:00:02] C13: Französische Verteidigung (Klassisches System)} 9. Qd2 b5 10. O-O-O Qd6 (10... b4 11. Na4 Qd5 12. b3 Bd7 13. Bc4 Qd6 14. d5 e5 15. Rhe1 e4 16. Nd4 {1-0 (40) Carlsen,M (2832)-Grischuk,A (2750) chess.com INT 2017}) 11. Kb1 {[%emt 0:02:40] LiveBook: 6 Partien} Bb7 12. Ne2 $146 ({Vorgänger:} 12. Ne5 Nd7 13. f4 Nxe5 14. fxe5 Qb6 15. Rg1 O-O-O 16. Ne2 {0-1 (50) Daulyte,D (2440)-Harvey,M (2275) chess.com INT 2017}) 12... Nd7 13. Qf4 O-O-O 14. Qxd6 Bxd6 ({Resist} 14... cxd6 15. Nf4 $17) 15. Ng5 Rdf8 16. f3 Nf6 17. Nc3 Rhg8 18. Nh3 Rd8 19. Nf2 Bb4 20. Ne2 {[%emt 0:02:36] [#]} Nd5 $1 21. c3 Bf8 22. Rd3 (22. Re1 $17 {was necessary.}) 22... Bh6 23. Nd1 Nb6 24. Nc1 Nc4 25. Nb3 f6 26. g3 Rd6 27. Kc2 Be4 28. fxe4 fxe4 29. Rd2 Nxd2 30. Nxd2 Bxd2 31. Kxd2 c5 32. Ke3 f5 33. Bh3 Rgd8 34. Nf2 cxd4+ 35. cxd4 Rxd4 36. g4 Rd3+ 37. Nxd3 Rxd3+ 38. Kf4 Rxh3 39. gxf5 Rf3+ 40. Kxe4 Rxf5 41. Rc1+ Kd7 42. Rc2 Kd6 43. Rd2+ Rd5 44. Rf2 Re5+ 45. Kd3 Rh5 46. Ke4 Rh4+ 47. Kf3 Kc5 48. Rd2 $19 e5 49. Ke3 a5 50. Kf3 Ra4 51. Rc2+ Kd5 52. b3 Rf4+ 53. Ke3 Rh4 54. Kf3 h5 55. Kg3 Rg4+ 56. Kf3 e4+ 57. Ke3 Rh4 58. Rd2+ Ke5 59. Rg2 Rh3+ 60. Ke2 Kd4 61. Kd2 b4 62. Re2 Rd3+ 63. Kc2 Rc3+ 64. Kd1 Rf3 65. Kd2 Rf1 66. Rg2 Ra1 0-1

[Event "XI Paracin Festival 2018"]
[Site "Paracin"]
[Date "2018.07.07"]
[Round "2"]
[White "Rakshitta Ravi"]
[Black "Radovic, Luka"]
[Result "0-1"]
[ECO "B94"]
[WhiteElo "2026"]
[BlackElo "2344"]
[Annotator "NA"]
[PlyCount "60"]
[EventDate "2018.07.06"]
[EventType "swiss"]
[EventCountry "SRB"]
[SourceTitle "playchess.com"]
[Source "ChessBase"]
[SourceQuality "1"]
[TimeControl "5400+30"]

1. e4 c5 2. Nf3 d6 3. d4 cxd4 4. Nxd4 Nf6 5. Nc3 a6 6. Bg5 Nbd7 7. Bc4 h6 {[%emt 0:06:19] LiveBook: 45 Partien} 8. Be3 g6 9. Qe2 Bg7 10. O-O Nc5 11. e5 dxe5 12. Nc6 bxc6 13. Bxc5 Qc7 14. f4 $11 Nd5 15. fxe5 Bxe5 16. Rae1 Bxh2+ 17. Kh1 O-O 18. Bxe7 Nxe7 19. Qxe7 Bf5 20. Rxf5 gxf5 21. Qf6 Qf4 22. Re7 Qxc4 23. Kxh2 Qf4+ 24. Kh3 Rae8 25. Ne2 Qg5 26. Qxg5+ hxg5 27. Rxe8 Rxe8 28. Nd4 Re3+ 29. Kh2 c5 30. Nxf5 Rf3 0-1

[Event "XI Paracin Festival 2018"]
[Site "Paracin"]
[Date "2018.07.07"]
[Round "3"]
[White "Georgiev, Kiril"]
[Black "Gukesh, D."]
[Result "1/2-1/2"]
[ECO "A11"]
[WhiteElo "2590"]
[BlackElo "2433"]
[Annotator "ChessBase"]
[PlyCount "115"]
[EventDate "2018.07.06"]
[EventType "swiss"]
[EventCountry "SRB"]
[SourceTitle "playchess.com"]
[Source "ChessBase"]
[SourceQuality "1"]
[TimeControl "5400+30"]

1. c4 c6 2. Nf3 d5 3. e3 Nf6 4. Nc3 e6 5. b3 Nbd7 6. Bb2 Bd6 7. Qc2 O-O 8. Be2 Qe7 9. O-O b6 10. cxd5 cxd5 11. Nb5 Bb7 12. Rfc1 Rfc8 13. Qd1 a6 14. Nxd6 Qxd6 15. Rxc8+ Rxc8 16. Rc1 Rxc1 17. Qxc1 Qc5 18. Qb1 Ne4 19. Qa1 f6 20. d3 Nd6 21. Qd1 b5 22. Nd4 e5 23. Ne6 Qb6 24. Bg4 g6 25. Ng5 Nf8 26. Nh3 h5 27. Be2 Ne6 28. d4 e4 29. Qc1 Qc6 30. Qxc6 Bxc6 31. Ba3 Nb7 32. f3 f5 33. Be7 Kf7 34. Bh4 a5 35. Kf2 b4 36. Ng5+ Nxg5 37. Bxg5 a4 38. Ke1 Na5 39. Bd1 Nxb3 40. Bxb3 axb3 41. axb3 Ke8 42. Kd1 Bb5 43. f4 Bf1 44. Bh4 Bxg2 45. Be1 Bf1 46. Bxb4 Kd7 47. Kd2 Bd3 48. Kc3 Kc6 49. Be7 Bf1 50. Kd2 Bd3 51. Ke1 Kd7 52. Bc5 Bc2 53. b4 Bd3 54. Kf2 Ke6 55. Kg3 Bc4 56. Kh4 Kf7 57. Kg5 Bd3 58. Bb6 1/2-1/2

[Event "XI Paracin Festival 2018"]
[Site "Paracin"]
[Date "2018.07.07"]
[Round "3"]
[White "Savic, Miodrag R"]
[Black "Ozen, Bahadir"]
[Result "1-0"]
[ECO "B06"]
[WhiteElo "2545"]
[BlackElo "2317"]
[Annotator "ChessBase"]
[PlyCount "78"]
[EventDate "2018.07.06"]
[EventType "swiss"]
[EventCountry "SRB"]
[SourceTitle "playchess.com"]
[Source "ChessBase"]
[SourceQuality "1"]
[TimeControl "5400+30"]

1. e4 g6 2. d4 Bg7 3. Nc3 d6 4. h3 a6 5. a4 Nc6 6. d5 Nb4 7. a5 e6 8. Ra4 c5 9. dxc6 Nxc6 10. Bf4 Bxc3+ 11. bxc3 Ke7 12. Nf3 e5 13. Be3 Be6 14. Qb1 Qd7 15. Be2 f5 16. Ng5 Nf6 17. Nxe6 Kxe6 18. O-O f4 19. Bc1 g5 20. Rd1 Qc7 21. Ba3 Rad8 22. Bc4+ Ke7 23. Ba2 Rhe8 24. Qb3 Kf8 25. Bxd6+ Rxd6 26. Rxd6 Kg7 27. Rd3 Re7 28. Qa3 h5 29. Bd5 g4 30. hxg4 hxg4 31. Qc5 Nd7 32. Qa3 Nf6 33. Rc4 Rf7 34. Bxf7 Qxf7 35. Rxc6 bxc6 36. Qd6 g3 37. Qxe5 gxf2+ 38. Kxf2 Qa7+ 39. Kf3 Qf2+ 1-0